 Dungeon Crawl Stone Soup version 0.31-a0-202-g547052bce9 (webtiles) character file.

Game seed: 6387632631723212282

9214 qw the Skirmisher (level 11, -5/68 HPs)
             Began as a Deep Elf Hunter on June 26, 2023.
             Was a Priest of Okawaru.
             Slain by a yak (14 damage)
             ... on level 1 of the Lair of Beasts.
             The game lasted 00:03:48 (8387 turns).

qw the Skirmisher (Deep Elf Hunter)                 Turns: 8387, Time: 00:03:49

Health: -5/68      AC:  9    Str: 18    XL:     11   Next: 20%
Magic:  15/16      EV: 22    Int: 15    God:    Okawaru [***...]
Gold:   241        SH:  5    Dex: 18    Spells: 10/10 levels left

rFire   + + .        h - +2 shortbow (heavy)
rCold   + . .        (shield currently unavailable)
rNeg    . . .        g - +3 leather armour
rPois   .            i - +0 helmet
rElec   .            f - scarf {rC+ rF+}
rCorr   .            a - +0 pair of gloves
SInv    .            (no boots)
Will    +....        d - amulet of reflection
Stlth   +++          e - ring of protection from fire
HPRegen 0.31/turn    k - +6 ring of strength
MPRegen 0.15/turn

%: reflection
@: heroic
A: no striking features
a: Renounce Religion, Heroism


You were on level 1 of the Lair of Beasts.
You worshipped Okawaru.
Okawaru was most pleased with you.
You visited 3 branches of the dungeon, and saw 10 of its levels.

You collected 613 gold pieces.
You spent 372 gold pieces at shops.


   Skills:
 - Level 8.0(13.0) Fighting
 - Level 14.2(19.2) Ranged Weapons
 - Level 2.1(7.1) Armour
 + Level 11.8(16.8) Dodging
 - Level 1.2(6.2) Stealth
 - Level 4.0 Invocations


You had 10 spell levels left.
You didn't know any spells.
Your spell library was empty.

Inventory:

Hand Weapons
 h - a +2 heavy shortbow (weapon)
Armour
 a - a +0 pair of gloves (worn)
 f - a scarf of resistance (worn)
 g - a +3 leather armour (worn)
 i - a +0 helmet (worn)
 m - a +2 robe of fire resistance
 n - a +1 cloak
Jewellery
 d - an amulet of reflection (around neck)
 e - a ring of protection from fire (left hand)
 k - a +6 ring of strength (right hand)
 o - a ring of protection from fire
 q - a ring of see invisible
 Y - a ring of positive energy
Scrolls
 j - 2 scrolls of identify
Potions
 c - a potion of cancellation
 p - a potion of might
 r - 3 potions of curing

Dungeon Overview and Level Annotations

Branches:
Dungeon (8/15)             Temple (1/1) D:7            Lair (1/5) D:8

Altars:
Cheibriados
Dithmenos
Elyvilon
Fedhas
Gozag
Hepliaklqana
Kikubaaqudgha
Makhleb
Nemelex Xobeh
Okawaru
Qazlal
Ru
Sif Muna
Trog
Vehumet
Wu Jian
Xom
Yredelemnul
Zin
The Shining One

Shops:
D:3 =[(=   D:5 *   D:7 ?=*(?*

Annotations:
D:2 1 runed translucent door, Crazy Yiuf


Message History

You shoot an arrow.
The arrow hits the yak but does no damage.
The yak gores you but does no damage. You block the yak's attack.
The yak completely misses you. The yak gores you but does no damage.
You shoot an arrow. The arrow completely misses the yak.
The yak completely misses you. The yak misses you.
You shoot an arrow. The arrow hits the yak!
The yak is moderately wounded.
The yak misses you. The yak gores you but does no damage.
You shoot an arrow. The arrow hits the yak.
The yak is heavily wounded.
The yak completely misses you. The yak closely misses you.
You shoot an arrow. The arrow hits the yak.
The yak is heavily wounded.
You feel like a meek peon again. The yak completely misses you.
The yak gores you!
8381 ||| INVOKING Heroism.
You gain the combat prowess of a mighty hero.
The yak completely misses you. The yak misses you.
You shoot an arrow.
The arrow hits the yak but does no damage.
The yak is heavily wounded.
The yak gores you! The yak barely misses you.
You shoot an arrow. The arrow hits the yak!!
You kill the yak!
Okawaru accepts your kill. The yak closely misses you.
You shoot an arrow. The arrow completely misses the yak.
The yak completely misses you.
You shoot an arrow. The arrow hits the yak!!
The yak is heavily wounded.
The yak gores you. x2
You shoot an arrow.
The arrow hits the yak but does no damage.
The yak is heavily wounded.
The yak closely misses you. You block the yak's attack.
You shoot an arrow. The arrow hits the yak!
The yak is almost dead.
The yak gores you!
You die...

<..# ...## .... ....#
...# ....## .....
.....### ....#
.......### .....#
....##...### #....#
...#####...######.....#
#### ##.......@Y#
##.....##Y..# ##...##
..## #...## #..# #####
#...# ..# #...####..#
#.. ##>....##..# ...
#.........## #..#
#.........#


You could see 2 yaks.

Vanquished Creatures
  A two-headed ogre (D:7)
  2 cane toads (Lair:1)
  8 blink frogs (Lair:1)
  A slime creature (D:7)
  Sigmund (D:5)
  2 wyverns (D:7)
  12 yaks (Lair:1)
  2 steam dragons
  5 water moccasins
  A sky beast (D:7)
  2 orc warriors
  3 ice beasts
  3 black bears
  2 ogres (D:5)
  A kobold brigand (D:7)
  Blork the orc (D:6)
  6 bullfrogs
  4 scorpions
  3 gnoll sergeants
  7 wights (D:8)
  8 killer bees (D:8)
  A howler monkey (D:4)
  3 hounds
  A jelly (D:7)
  2 orc priests
  A sleepcap (D:7)
  A gnoll bouda (D:7)
  3 iguanas
  5 orc wizards
  14 gnolls
  7 adders
  A shadow imp (D:7)
  2 white imps
  3 worms
  A dart slug (D:2)
  30 orcs
  12 endoplasms
  5 giant cockroaches
  6 goblins
  3 hobgoblins (D:1)
  12 kobolds
  5 quokkas
  7 ball pythons
  7 bats
  5 frilled lizards
  A rat (D:1)
213 creatures vanquished.

Vanquished Creatures (others)
  An ufetubus (D:5)
1 creature vanquished.

Grand Total: 214 creatures vanquished

Notes
Turn   | Place    | Note
-------+----------+-------------------------------------------
     0 | D:1      | qw the Deep Elf Hunter began the quest for the Orb.
     0 | D:1      | Reached XP level 1. HP: 12/12 MP: 3/3
     0 | D:1      | 0 ||| qw: Version: 0.3-a-22-g0ed2b0b
     0 | D:1      | 0 ||| qw: Game counter: 6190
     0 | D:1      | 0 ||| qw: Melee chars always use a shield: true
     0 | D:1      | 0 ||| qw: God list: Okawaru
     0 | D:1      | 0 ||| qw: Allow faded altars: false
     0 | D:1      | 0 ||| qw: Do Orc after clearing Dungeon:15 true
     0 | D:1      | 0 ||| qw: Do second Lair branch before Depths: true
     0 | D:1      | 0 ||| qw: Lair rune preference: random
     0 | D:1      | 0 ||| qw: Goals: Normal
     0 | D:1      | 0 ||| PLANNING D:1-11
   204 | D:1      | Reached skill level 6 in Ranged Weapons
   204 | D:1      | Reached XP level 2. HP: 15/16 MP: 4/4
   605 | D:1      | 605 ||| UPGRADING to scarf of resistance.
   610 | D:1      | 610 ||| UPGRADING to +3 leather armour.
   620 | D:1      | 620 ||| DROPPING +0 leather armour.
   621 | D:1      | 621 ||| UPGRADING to ring of protection from fire.
   622 | D:1      | 622 ||| READING scroll labelled QIFEGEOFUR.
   623 | D:1      | 623 ||| READING scroll labelled JENUHOLOCI.
   655 | D:1      | 655 ||| READING scroll labelled YQILAE MYNYTT.
   658 | D:1      | 658 ||| READING scroll labelled HORGHIG ENTAFOTYE.
   659 | D:1      | 659 ||| READING scroll labelled CAESYS EWAHA.
   660 | D:1      | 660 ||| DROPPING scroll of butterflies.
   843 | D:2      | Reached XP level 3. HP: 20/20 MP: 5/5
   879 | D:2      | Found a runed translucent door.
   880 | D:2      | Noticed Crazy Yiuf
   993 | D:2      | Reached skill level 7 in Ranged Weapons
  1069 | D:2      | Reached XP level 4. HP: 25/25 MP: 6/6
  1274 | D:2      | 1274 ||| UPGRADING to +0 pair of gloves.
  1279 | D:2      | 1279 ||| UPGRADING to amulet of regeneration.
  1284 | D:2      | 1284 ||| READING scroll labelled AHANKOGHORGH.
  1285 | D:2      | 1285 ||| READING scroll labelled SATIAH XAKUDONN.
  1314 | D:3      | Found Biequedi's Antique Armour Boutique.
  1318 | D:3      | 1318 ||| SHOPLISTING pair of embroidered boots (157 gold,
                  | have 91).
  1318 | D:3      | 1318 ||| SHOPLISTING runed cloak (157 gold, have 91).
  1318 | D:3      | 1318 ||| SHOPLISTING runed hat (147 gold, have 91).
  1424 | D:3      | Found Irocenin's Jewellery Shop.
  1430 | D:3      | 1430 ||| SHOPLISTING +4 ring of protection (504 gold, have
                  | 108).
  1430 | D:3      | 1430 ||| SHOPLISTING +4 ring of slaying (1092 gold, have
                  | 108).
  1430 | D:3      | 1430 ||| SHOPLISTING amulet "Ronka" {Acrobat rN+ Will+}
                  | (655 gold, have 108).
  1430 | D:3      | 1430 ||| SHOPLISTING ring "Ysiahyuc" {Fire rElec Int+2
                  | Dex+3} (693 gold, have 108).
  1430 | D:3      | 1430 ||| SHOPLISTING ring of Descent {rCorr Dex+6} (680
                  | gold, have 108).
  1430 | D:3      | 1430 ||| SHOPLISTING ring of poison resistance (280 gold,
                  | have 108).
  1508 | D:3      | HP: 4/25 [gnoll/+0 club (4)]
  1509 | D:3      | 1509 ||| READING scroll of teleportation.
  1510 | D:3      | HP: 1/25 [gnoll/+0 spear (4)]
  1512 | D:3      | Reached skill level 8 in Ranged Weapons
  1514 | D:3      | 1514 ||| FLEEEEING.
  1515 | D:3      | 1515 ||| FLEEEEING.
  1516 | D:3      | 1516 ||| FLEEEEING.
  1517 | D:3      | 1517 ||| FLEEEEING.
  1518 | D:3      | 1518 ||| FLEEEEING.
  1519 | D:3      | 1519 ||| FLEEEEING.
  1520 | D:3      | 1520 ||| FLEEEEING.
  1521 | D:3      | 1521 ||| FLEEEEING.
  1522 | D:3      | 1522 ||| FLEEEEING.
  1523 | D:3      | 1523 ||| FLEEEEING.
  1524 | D:3      | 1524 ||| FLEEEEING.
  1547 | D:3      | Found Petoson's Weapon Boutique.
  1637 | D:3      | Reached XP level 5. HP: 27/29 MP: 7/7
  1888 | D:3      | Found Keamoposyo's Jewellery Boutique.
  1896 | D:3      | 1896 ||| SHOPLISTING amulet of Vitality {RegenMP++ Regen++}
                  | (1400 gold, have 156).
  1896 | D:3      | 1896 ||| SHOPLISTING ring "Pig Zur" {rN+++ Will+ rCorr
                  | Str+6 Int-2} (938 gold, have 156).
  1896 | D:3      | 1896 ||| SHOPLISTING ring of positive energy (280 gold,
                  | have 156).
  1896 | D:3      | 1896 ||| SHOPLISTING ring of protection from cold (350
                  | gold, have 156).
  1896 | D:3      | 1896 ||| SHOPLISTING ring of willpower (350 gold, have
                  | 156).
  2191 | D:3      | 2191 ||| READING 2 scrolls labelled AMOIDI RAEVI.
  2192 | D:3      | 2192 ||| READING scroll labelled DADICIPO USI.
  2193 | D:3      | 2193 ||| READING scroll labelled UVACOR DAL GUU.
  2194 | D:3      | 2194 ||| READING scroll labelled AHIOLI UTWELE.
  2195 | D:3      | 2195 ||| DRINKING 2 fizzy ruby potions.
  2199 | D:3      | 2199 ||| STAIRDANCE
  2301 | D:2      | 2301 ||| DRINKING 2 glowing golden potions.
  2302 | D:2      | 2302 ||| DROPPING potion of berserk rage.
  2303 | D:2      | 2303 ||| DROPPING potion of degeneration.
  2304 | D:2      | 2304 ||| DROPPING scroll of amnesia.
  2433 | D:4      | Noticed a black bear
  2439 | D:4      | Killed a black bear
  2440 | D:4      | Reached skill level 9 in Ranged Weapons
  2784 | D:4      | Reached skill level 3 in Dodging
  2784 | D:4      | Reached XP level 6. HP: 34/34 MP: 8/8
  2869 | D:4      | 2869 ||| UPGRADING to ring of positive energy.
  2870 | D:4      | 2870 ||| DRINKING 2 orange potions.
  2871 | D:4      | 2871 ||| DROPPING potion of magic.
  2892 | D:5      | Entered Level 5 of the Dungeon
  2892 | D:5      | Noticed an ice beast
  2894 | D:5      | Killed an ice beast
  2956 | D:5      | Noticed a steam dragon
  2962 | D:5      | Killed a steam dragon
  2963 | D:5      | Reached skill level 10 in Ranged Weapons
  2963 | D:5      | Reached XP level 7. HP: 30/40 MP: 9/9
  3093 | D:5      | Found Dutroned's General Store.
  3116 | D:5      | 3116 ||| BUYING potion of heal wounds (65 gold).
  3116 | D:5      | Bought a potion of heal wounds for 65 gold pieces
  3116 | D:5      | 3116 ||| SHOPLISTING ring of fire (325 gold, have 137).
  3116 | D:5      | 3116 ||| BUYING scroll of enchant weapon (97 gold).
  3116 | D:5      | Bought a scroll of enchant weapon for 97 gold pieces
  3116 | D:5      | 3116 ||| READING scroll of enchant weapon.
  3116 | D:5      | 3116 ||| ENCHANTING +0 heavy shortbow.
  3295 | D:5      | Noticed Sigmund
  3307 | D:5      | Killed Sigmund
  3308 | D:5      | Reached skill level 11 in Ranged Weapons
  3684 | D:5      | 3684 ||| UPGRADING to +0 helmet.
  3689 | D:5      | 3689 ||| READING scroll labelled USMA PUN LUTIA.
  3690 | D:5      | 3690 ||| DRINKING 2 blue potions.
  3691 | D:5      | 3691 ||| READING 3 scrolls of identify.
  3691 | D:5      | 3691 ||| IDENTIFYING inky potion
  3692 | D:5      | 3692 ||| READING 2 scrolls of identify.
  3692 | D:5      | 3692 ||| IDENTIFYING glowing white potion
  3693 | D:5      | 3693 ||| DROPPING potion of ambrosia.
  3694 | D:5      | 3694 ||| DROPPING potion of lignification.
  3721 | D:6      | Noticed Blork the orc
  3724 | D:6      | Killed Blork the orc
  3725 | D:6      | Reached XP level 8. HP: 45/45 MP: 10/10
  3760 | D:6      | Reached skill level 12 in Ranged Weapons
  3776 | D:6      | Reached skill level 3 in Fighting
  3921 | D:6      | Reached skill level 1 in Armour
  4332 | D:6      | Reached skill level 13 in Ranged Weapons
  4389 | D:6      | 4389 ||| DRINKING 2 grey potions.
  4418 | D:7      | Found Uneithar's General Store.
  4439 | D:7      | 4439 ||| STAIRDANCE
  4443 | D:7      | 4443 ||| STAIRDANCE
  4447 | D:7      | 4447 ||| STAIRDANCE
  4451 | D:7      | 4451 ||| STAIRDANCE
  4455 | D:7      | 4455 ||| STAIRDANCE
  4459 | D:7      | 4459 ||| STAIRDANCE
  4463 | D:7      | 4463 ||| STAIRDANCE
  4467 | D:7      | 4467 ||| STAIRDANCE
  4471 | D:7      | 4471 ||| STAIRDANCE
  4475 | D:7      | 4475 ||| STAIRDANCE
  4479 | D:7      | 4479 ||| STAIRDANCE
  4483 | D:7      | 4483 ||| STAIRDANCE
  4487 | D:7      | 4487 ||| STAIRDANCE
  4491 | D:7      | 4491 ||| STAIRDANCE
  4495 | D:7      | 4495 ||| STAIRDANCE
  4499 | D:7      | 4499 ||| STAIRDANCE
  4503 | D:7      | 4503 ||| STAIRDANCE
  4507 | D:7      | 4507 ||| STAIRDANCE
  4511 | D:7      | 4511 ||| STAIRDANCE
  4515 | D:7      | 4515 ||| STAIRDANCE
  4546 | D:6      | Noticed a cyan ugly thing
  4550 | D:6      | HP: 10/46 [cyan ugly thing (12)]
  4551 | D:6      | 4551 ||| READING 2 scrolls of teleportation.
  4552 | D:6      | 4552 ||| DRINKING 2 potions of heal wounds.
  4727 | D:6      | 4727 ||| Stepping randomly (stuck).
  4811 | D:7      | Found a staircase to the Ecumenical Temple.
  4812 | D:7      | 4812 ||| PLANNING TEMPLE
  4812 | D:7      | 4812 ||| UPGRADING to amulet of reflection.
  4822 | D:7      | 4822 ||| DROPPING amulet of regeneration.
  4823 | D:7      | 4823 ||| READING scroll labelled FEICYIC POOTTI.
  4838 | Temple   | Entered the Ecumenical Temple
  5090 | Temple   | 5090 ||| PLANNING OKAWARU WORSHIP
  5151 | Temple   | Became a worshipper of Warmaster Okawaru
  5152 | Temple   | 5152 ||| PLANNING D:1-11
  5220 | D:7      | Reached skill level 14 in Ranged Weapons
  5220 | D:7      | Reached XP level 9. HP: 27/51 MP: 11/11
  5220 | D:7      | HP: 11/51 [gnoll/+2 whip of electrocution[a gnoll sergeant]
                  | (16)]
  5221 | D:7      | 5221 ||| READING scroll of teleportation.
  5221 | D:7      | HP: 5/51 [gnoll/+0 flail[a gnoll sergeant] (6)]
  5222 | D:7      | 5222 ||| DRINKING potion of heal wounds.
  5223 | D:7      | 5223 ||| Stepping ~*~*~tactically~*~*~ (outnumbered).
  5390 | D:7      | 5390 ||| FLEEEEING.
  5391 | D:7      | 5391 ||| FLEEEEING.
  5392 | D:7      | 5392 ||| FLEEEEING.
  5393 | D:7      | 5393 ||| FLEEEEING.
  5394 | D:7      | 5394 ||| FLEEEEING.
  5395 | D:7      | 5395 ||| FLEEEEING.
  5442 | D:7      | Reached skill level 6 in Dodging
  5506 | D:7      | Reached * piety under Okawaru
  5539 | D:7      | 5539 ||| INVOKING Heroism.
  5548 | D:7      | Noticed a two-headed ogre
  5549 | D:7      | 5549 ||| FLEEEEING.
  5562 | D:7      | Killed a two-headed ogre
  5575 | D:7      | Reached ** piety under Okawaru
  5576 | D:7      | Reached skill level 1 in Invocations
  5688 | D:7      | 5688 ||| INVOKING Heroism.
  5708 | D:7      | Found Moedek's Assorted Antiques.
  5710 | D:7      | 5710 ||| DRINKING 2 potions of curing.
  5710 | D:7      | 5710 ||| (to cure confusion)
  5717 | D:7      | Found Imoo's Magic Scroll Shoppe.
  5719 | D:7      | Found Idimito's Antique Weapon Shoppe.
  5720 | D:7      | Found Asha Reixt's Jewellery Shoppe.
  5722 | D:7      | 5722 ||| BUYING bubbling coppery potion (19 gold).
  5722 | D:7      | Bought a bubbling coppery potion for 19 gold pieces
  5722 | D:7      | 5722 ||| BUYING colourful robe (125 gold).
  5722 | D:7      | Bought a colourful robe for 125 gold pieces
  5722 | D:7      | Identified the +0 robe "Ucuteyma" {Will+} (You bought it in
                  | a shop on level 7 of the Dungeon)
  5722 | D:7      | 5722 ||| BUYING potion of curing (66 gold).
  5722 | D:7      | Bought a potion of curing for 66 gold pieces
  5722 | D:7      | 5722 ||| SHOPLISTING scroll of identify (44 gold, have 9).
  5722 | D:7      | 5722 ||| SHOPLISTING scroll of teleportation (66 gold, have
                  | 9).
  5726 | D:7      | 5726 ||| SHOPLISTING glowing shortbow (180 gold, have 9).
  5726 | D:7      | 5726 ||| SHOPLISTING runed sling (135 gold, have 9).
  5730 | D:7      | 5730 ||| SHOPLISTING +4 ring of protection (468 gold, have
                  | 9).
  5730 | D:7      | 5730 ||| SHOPLISTING ring of Kogilink {rPois rF++ Will+
                  | Int-2} (596 gold, have 9).
  5730 | D:7      | 5730 ||| SHOPLISTING ring of poison resistance (260 gold,
                  | have 9).
  5730 | D:7      | 5730 ||| SHOPLISTING ring of protection from cold (325
                  | gold, have 9).
  5730 | D:7      | 5730 ||| SHOPLISTING ring of protection from fire (325
                  | gold, have 9).
  5730 | D:7      | 5730 ||| SHOPLISTING ring of resist corrosion (260 gold,
                  | have 9).
  5730 | D:7      | 5730 ||| SHOPLISTING ring of see invisible (195 gold, have
                  | 9).
  5734 | D:7      | 5734 ||| SHOPLISTING scroll of enchant armour (105 gold,
                  | have 9).
  5734 | D:7      | 5734 ||| SHOPLISTING scroll of identify (28 gold, have 9).
  5734 | D:7      | 5734 ||| SHOPLISTING scroll of teleportation (42 gold, have
                  | 9).
  5750 | D:7      | Found Maotasun's Magic Scroll Emporium.
  5754 | D:7      | 5754 ||| SHOPLISTING scroll of identify (26 gold, have 9).
  5754 | D:7      | 5754 ||| SHOPLISTING scroll of teleportation (39 gold, have
                  | 9).
  5786 | D:7      | 5786 ||| INVOKING Heroism.
  6155 | D:7      | Reached skill level 3 in Invocations
  6190 | D:7      | 6190 ||| DROPPING +0 robe "Ucuteyma" {Will+}.
  6191 | D:7      | 6191 ||| UPGRADING to +6 ring of strength.
  6193 | D:7      | 6193 ||| READING 3 scrolls of identify.
  6193 | D:7      | 6193 ||| IDENTIFYING bubbling coppery potion
  6194 | D:7      | 6194 ||| READING 2 scrolls of identify.
  6194 | D:7      | 6194 ||| IDENTIFYING fizzy coppery potion
  6195 | D:7      | 6195 ||| DROPPING potion of attraction.
  6248 | D:8      | 6248 ||| INVOKING Heroism.
  6435 | D:8      | Reached XP level 10. HP: 60/60 MP: 14/14
  6757 | D:8      | 6757 ||| INVOKING Heroism.
  6855 | D:8      | Found a staircase to the Lair.
  6856 | D:8      | 6856 ||| INVOKING Heroism.
  6864 | D:8      | Reached skill level 9 in Dodging
  7144 | D:8      | 7144 ||| Stepping ~*~*~tactically~*~*~ (outnumbered).
  7146 | D:8      | 7146 ||| Stepping ~*~*~tactically~*~*~ (outnumbered).
  7148 | D:8      | 7148 ||| Stepping ~*~*~tactically~*~*~ (outnumbered).
  7150 | D:8      | 7150 ||| Stepping ~*~*~tactically~*~*~ (outnumbered).
  7152 | D:8      | 7152 ||| Stepping ~*~*~tactically~*~*~ (outnumbered).
  7159 | D:8      | Reached skill level 6 in Fighting
  7159 | D:8      | 7159 ||| INVOKING Heroism.
  7160 | D:8      | 7160 ||| Stepping ~*~*~tactically~*~*~ (outnumbered).
  7448 | D:8      | 7448 ||| PLANNING LAIR
  7481 | Lair:1   | Entered Level 1 of the Lair of Beasts
  7551 | Lair:1   | Noticed a cane toad
  7552 | Lair:1   | 7552 ||| INVOKING Heroism.
  7561 | Lair:1   | Killed a cane toad
  7609 | Lair:1   | Noticed a cane toad
  7610 | Lair:1   | 7610 ||| INVOKING Heroism.
  7616 | Lair:1   | Killed a cane toad
  7654 | Lair:1   | 7654 ||| INVOKING Heroism.
  8027 | Lair:1   | 8027 ||| INVOKING Heroism.
  8033 | Lair:1   | Reached *** piety under Okawaru
  8054 | Lair:1   | 8054 ||| INVOKING Heroism.
  8055 | Lair:1   | HP: 10/63 [blink frog (10)]
  8056 | Lair:1   | 8056 ||| READING scroll of teleportation.
  8057 | Lair:1   | 8057 ||| DRINKING potion of heal wounds.
  8212 | Lair:1   | 8212 ||| INVOKING Heroism.
  8239 | Lair:1   | Reached XP level 11. HP: 68/68 MP: 16/16
  8243 | Lair:1   | 8243 ||| READING scroll of enchant weapon.
  8243 | Lair:1   | 8243 ||| ENCHANTING +1 heavy shortbow.
  8246 | Lair:1   | 8246 ||| INVOKING Heroism.
  8357 | Lair:1   | 8357 ||| INVOKING Heroism.
  8381 | Lair:1   | 8381 ||| INVOKING Heroism.
  8385 | Lair:1   | HP: 12/68 [yak (6)]
  8387 | Lair:1   | Slain by a yak

Levels and vault maps discovered:
D:1:      mrwooster_arrival_arrow, layout_basic, minmay_statues_item
D:2:      layout_loops_ring, due_unseen_surprise, uniq_crazy_yiuf_cottage
D:3:      layout_basic, serial_shops, shop, shop, nicolae_shop_hallway_stairs,
          nicolae_shop_hallway_stairs, minmay_stone_trees_medium
D:4:      layout_loops_ring, kennysheep_generic_room_12
D:5:      layout_layer_cave, serial_shops, shop, uniq_sigmund
D:6:      minmay_klotski, layout_loops_ring, uniq_blork_the_orc, uniq_menkaure
D:7:      hangedman_cross_stitches, layout_loops_ring, temple_pool_b,
          serial_shops, shop, shop, roderic_cross_of_infinity,
          minmay_shop_grid_forest
D:8:      layout_basic, grunt_lair_entry_orc_guard_hut
Temple:   mainiacjoe_temple_cubbyholes
Lair:1:   layout_cave_pods, nicolae_quartered_pool_medium

Skill      XL: |  1  2  3  4  5  6  7  8  9 10 11 |
---------------+----------------------------------+-----
Ranged Weapons | 6 7 8 9 10 11 14 | 14.2
Dodging        | 3 4 5 8 11 | 11.8
Fighting       | 2 3 5 7 8 |  8.0
Armour         | 1 2 |  2.1
Invocations    | 3 4 |  4.0
Stealth        | |  1.2

Action                     |  1- 3 |  4- 6 |  7- 9 | 10-12 || total
---------------------------+-------+-------+-------+-------++-------
   Fire: Shortbow          |    81 |    92 |   291 |   225 ||   689
 Invoke: Heroism           |       |       |     4 |    12 ||    16
    Use: Scroll            |     5 |     7 |     9 |     2 ||    23
         Potion            |       |     3 |     5 |     1 ||     9
 Armour: Leather armour    |     9 |    22 |    29 |    27 ||    87
  Dodge: Dodged            |    17 |    43 |    90 |   124 ||   274
  Block: Other             |       |       |     8 |    36 ||    44

Table legend:
 A = Non-vault XP
 B = Vault XP
 C = Vault XP percentage of total XP
 D = Non-vault monster count
 E = Vault monster count
 F = Vault count percentage of total count
                 A         B        C        D         E       F
            +---------+---------+-------+---------+---------+-------
      Total |   10424 |    2739 |  20.8 |     193 |      20 |   9.4
            +---------+---------+-------+---------+---------+-------
        D:1 |      32 |       0 |   0.0 |      19 |       0 |   0.0
        D:2 |      66 |       0 |   0.0 |      21 |       0 |   0.0
        D:3 |     113 |       0 |   0.0 |      21 |       0 |   0.0
        D:4 |     216 |       0 |   0.0 |      16 |       0 |   0.0
        D:5 |     721 |     226 |  23.9 |      17 |       1 |   5.6
        D:6 |     862 |      90 |   9.5 |      22 |       1 |   4.3
        D:7 |    1092 |    1829 |  62.6 |      26 |      12 |  31.6
        D:8 |    1286 |     594 |  31.6 |      24 |       6 |  20.0
     Lair:1 |    6036 |       0 |   0.0 |      27 |       0 |   0.0
            +---------+---------+-------+---------+---------+-------
